 Dungeon Crawl Stone Soup version 0.28-a0-1236-gb25a51b929 (webtiles) character file.

Game seed: 15497971798362837548

93726 freelancePsychic the Warrior (level 16, -12/84 (98) HPs)
             Began as a Vine Stalker Fighter on Dec 25, 2021.
             Was the Champion of Ru.
             Mangled by a large abomination (17 damage)
             ... on level 2 of the Abyss on Dec 26, 2021.
             The game lasted 01:01:31 (24359 turns).

freelancePsychic the Warrior (VSFi)                Turns: 24359, Time: 01:01:31

HP:   -12/84 (98)   AC: 16    Str: 30    XL:     16   Next: 9%
MP:   0/26          EV: 29    Int: 12    God:    Ru [******]
Gold: 1491          SH:  5    Dex: 17    Spells: 15/15 levels left

rFire   + . .      SeeInvis .   G - +2 dagger of Havoc {speed, rF+ Will+ Int+4}
rCold   x . .      Faith    .   c - +0 buckler
rNeg    . . .      Spirit   +   u - +2 chain mail {rF+}
rPois   .          Reflect  .   (helmet restricted)
rElec   .          Harm     .   f - +0 cloak
rCorr   .          Rampage  .   N - +1 pair of gloves
Will    ++...      Rage     3%  v - +1 pair of boots {Stlth+}
Stlth   .......... Rnd*Tele +   P - amulet of the acrobat
HPRegen 1.04/turn               n - ring of magical power
MPRegen 0.20/turn               g - +6 ring of strength

@: exhausted, acrobatic, studying Short Blades, heavily drained, unable to read
A: fangs 3, regeneration 1, magic shield, antimagic bite, no potion heal 2,
inability to read while threatened, no poison magic, no translocations magic, no
transmutations magic, weak-willed 1, disrupted magic 1, temperature sensitive,
horns 1, deformed body, [berserk 2], [screaming 2], [teleportitis 2], [subdued
magic 2]
a: Renounce Religion, Draw Out Power, Power Leap, Apocalypse


You were on level 2 of the Abyss.
You worshipped Ru.
Ru was exalted by your worship.
You visited 3 branches of the dungeon, and saw 22 of its levels.
You visited the Abyss 1 time.
You also visited: Sewer and Volcano.

You collected 2173 gold pieces.
You spent 682 gold pieces at shops.

Inventory:

Hand Weapons
 a - a +1 rapier
 G - the +2 dagger of Havoc (weapon) {speed, rF+ Will+ Int+4}
   (You bought it in a shop on level 5 of the Dungeon)

   Attacks with this weapon are significantly faster.
   Int:       It affects your intelligence (+4).
   rF:        It protects you from fire.
   Will:      It increases your willpower.
 I - a +2 rapier of holy wrath
Missiles
 q - 17 boomerangs
 L - 4 javelins
 T - a throwing net
Armour
 b - a +0 plate armour
 c - a +0 buckler (worn)
 f - a +0 cloak (worn)
 u - a +2 chain mail of fire resistance (worn)
 v - a +1 pair of boots of stealth (worn)
 N - a +1 pair of gloves (worn)
Jewellery
 g - a +6 ring of strength (right hand)
 n - a ring of magical power (left hand)
 P - an amulet of the acrobat (around neck)
Wands
 o - a wand of polymorph (16)
 t - a wand of iceblast (12)
 C - a wand of digging (20)
 H - a wand of flame (20)
 Q - a wand of paralysis (2)
 U - a wand of acid (5)
Scrolls
 d - 2 scrolls of amnesia
 i - a scroll of silence
 j - 2 scrolls of fog
 l - 3 scrolls of torment
 r - 6 scrolls of immolation
 w - 8 scrolls of blinking
 y - a scroll of brand weapon
 B - 5 scrolls of teleportation {@r4}
 E - a scroll of enchant weapon
 J - 2 scrolls of fear
 K - a scroll of summoning
 R - 3 scrolls of magic mapping
 V - a scroll of enchant armour
 W - 2 scrolls of identify {@r1}
 X - a scroll of acquirement
Potions
 e - 6 potions of curing {@q1}
 h - 11 potions of heal wounds {unknown}
 k - 5 potions of brilliance
 m - 5 potions of flight
 p - 2 potions of magic
 s - a potion of ambrosia {unknown}
 x - 2 potions of cancellation
 z - 2 potions of invisibility {unknown}
 A - 2 potions of attraction {unknown}
 D - 5 potions of mutation {unknown}
 M - a potion of berserk rage {unknown}
 O - a potion of experience {unknown}
 S - 2 potions of resistance {unknown}
 Y - a potion of haste {unknown}


   Skills:
 + Level 17.1 Fighting
 - Level 10.0 Short Blades
 + Level 12.0 Armour
 + Level 10.3 Dodging
 - Level 3.0 Stealth
 - Level 4.0 Shields
 - Level 5.0 Evocations


You had 15 spell levels left.
You didn't know any spells.
Your spell library contained the following spells:

 Spells                   Type           Power      Damage    Failure   Level
 Foxfire                  Conj/Fire      0%         2x1d4     77%         1
 Freeze                   Ice            0%         1d3       77%         1
 Magic Dart               Conj           0%         1d3       77%         1
 Ensorcelled Hibernation  Hex/Ice        0%         N/A       88%         2
 Searing Ray              Conj           0%         2d4       88%         2
 Sublimation of Blood     Necr           0%         N/A       88%         2
 Conjure Flame            Conj/Fire      0%         6-21      98%         3
 Frozen Ramparts          Ice            0%         1d2       98%         3
 Stone Arrow              Conj/Erth      0%         3d7       98%         3
 Tukima's Dance           Hex            0%         N/A       98%         3
 Fulminant Prism          Conj/Hex       0%         3d6       100%        4
 Hailstorm                Conj/Ice       0%         3d3       100%        4
 Leda's Liquefaction      Hex/Erth       0%         N/A       100%        4
 Sticky Flame             Conj/Fire      0%         2d3       100%        4
 Summon Hydra             Summ           0%         N/A       100%        7
 Shatter                  Erth           0%         3d5*      100%        9
 Passwall                 Tmut/Erth      Unusable   N/A       N/A         2
 Wereblood                Tmut           Unusable   N/A       N/A         2
 Ignite Poison            Fire/Tmut/Pois Unusable   N/A       N/A         3

Dungeon Overview and Level Annotations

Branches:
Dungeon (14/15)            Temple (0/1) D:6            Lair (6/6) D:8
  Swamp (0/4) Lair:4        Snake (0/4) Lair:3        Slime (0/5) Lair:5
    Orc (2/2) D:9             Elf (0/3) Orc:2         Sewer (visited)
Volcano (visited)
 Vaults: D:13-14

Altars:
Ashenzari
Cheibriados
Dithmenos
Fedhas
Gozag
Makhleb
Okawaru
Ru
Sif Muna
Trog
Xom
Zin
The Shining One
Beogh
Lugonu

Shops:
D:5 (   D:7 =:!   D:12 *   Orc:2 :(((

Portals:
Abyss: Lair:6


Innate Abilities, Weirdness & Mutations

You have razor-sharp teeth.
Your natural rate of healing is unusually fast.
When hurt, damage is shared between your health and your magic reserves.
Your bite disrupts and absorbs the magic of your enemies.
Potions cannot restore your health.
You sometimes lose the ability to read scrolls when taking damage.
You cannot study or cast Poison magic.
You cannot study or cast Translocations magic.
You cannot study or cast Transmutations magic.
You are slightly weak-willed. (Will-)
Your casting is slightly disrupted.
You are sensitive to extremes of temperature. (rF-, rC-)
You have a pair of small horns on your head.
Armour fits poorly on your strangely shaped body.
[You often lose your temper in combat.]
[You frequently scream uncontrollably at your foes.]
[You are sometimes teleported next to monsters.]
[Your spells are easier to cast, but less powerful.]


Message History

The spatial maelstrom closely misses you.
The spatial maelstrom misses you.
The wretched star begins to attack, but is stunned by your conviction!
You hit the great orb of eyes.
You headbutt the great orb of eyes, but do no damage.
You bite the great orb of eyes.
The great orb of eyes's magic leaks into the air.
You drain its magic.
The great orb of eyes is lightly wounded.
A death knight comes into view. It is wielding a +2 morningstar.
You scream at the death knight!
The spatial maelstrom hits you but does no damage.
The spatial maelstrom hits you!
* * * LOW HITPOINT WARNING * * *
You blink.
The death knight moves out of view.
You hear a hideous shriek!
You hit the great orb of eyes.
The great orb of eyes is lightly wounded.
The great orb of eyes's magic is no longer disrupted.
The starcursed mass shrieks in your mind.
* * * LOW HITPOINT WARNING * * *
The great orb of eyes barely misses you.
The wretched star begins to attack, but is stunned by your conviction!
You scream at the spatial vortex!
A very ugly thing, 6 spatial vortices and a large abomination come into view.
The brown very ugly thing gurgles horribly!
You hear a horrible gurgling sound!
You hear a shout!
You block the death knight's attack.
A large abomination comes into view.
The spatial maelstrom closely misses you.
You block the spatial maelstrom's attack.
The starcursed mass shrieks in your mind.
* * * LOW HITPOINT WARNING * * *
A brown very ugly thing comes into view.
An Executioner comes into view.
The spatial maelstrom completely misses you. x2
A spatial vortex comes into view.
The Executioner gestures.
The Executioner seems to speed up.
The large abomination hits you!!
You die...

... #.# . . ###.#
####. .
v.#u.##ยง#.####..
......#.G.N...# #
.....v.#.N.N#.#
..
..#.##.h#*.#.###.
.# #
..#..v..p####.X #
# ##
##.1....vv.v# ...
#.#..#.#@.## X .
#. #....#.X# . .
# . ..######..#
.#.. ) ### .#..
## .# ...v#. # .
# ..#. # . .# .
.#.##.## . #.
#.#. #. .


You could see a brown very ugly thing, a death knight, a spatial maelstrom, an
Executioner (fast), 5 spatial vortices, a large abomination and a raiju.

Vanquished Creatures
  A bone dragon (Abyss:2)
  A lich (Abyss:2)
  Kirke (D:13)
  A cacodemon (Abyss:2)
  Snorg (Orc:2)
  A fire dragon (Volcano)
  10 hydras
  Erica (Lair:1)
  3 boulder beetles
  A catoblepas (Lair:6)
  2 centaur warriors (D:13)
  4 two-headed ogres
  11 death yaks
  A hell hog (Volcano)
  An orc high priest (Orc:2)
  Urug (Lair:2)
  2 thrashing horrors
  A wretched star (Abyss:2)
  15 orc knights
  Pikel (D:4)
  2 ugly things
  A deep elf pyromancer (D:10)
  An orc sorcerer (Orc:2)
  2 cyclopes
  6 black mambas
  A manticore (D:12)
  6 large abominations
  18 elephants
  A torpor snail (Lair:5)
  A guardian serpent (Abyss:2)
  A gargoyle (D:12)
  3 smoke demons
  6 cane toads
  3 unseen horrors (D:12)
  2 kobold demonologists (D:12)
  11 komodo dragons
  9 trolls
  An ice devil (Abyss:2)
  3 polar bears
  3 hornets (Lair:4)
  7 ancient zymes
  3 raiju (Abyss:2)
  A meliai zombie (D:7)
  5 dream sheep
  15 slime creatures
  6 blink frogs (Lair:6)
  2 shadows (D:9)
  Sigmund (D:3)
  12 spriggans (Lair:4)
  4 ynoxinuls
  4 wyverns
  5 fire bats (Volcano)
  A vampire (Abyss:2)
  3 hogs (D:13)
  42 yaks
  A wraith (D:12)
  A tarantella (shapeshifter) (Lair:6)
  8 basilisks
  2 steam dragons
  4 chaos spawn
  6 vampire mosquitoes (Lair:4)
  2 neqoxecs (Abyss:2)
  Menkaure (D:6)
  12 wargs
  A naga (Abyss:2)
  A two-headed ogre zombie (D:9)
  Edmund (D:6)
  3 acid dragons
  Duvessa (D:6)
  21 water moccasins
  Pargi (Sewer)
  46 orc warriors
  A sky beast (D:6)
  7 starcursed masses (Abyss:2)
  17 wolves
  2 boggarts (Lair:4)
  3 ogres
  8 centaurs
  3 phantoms
  A lemure (D:4)
  Blork the orc (D:5)
  12 small abominations
  12 bullfrogs
  A wyvern zombie (D:8)
  4 scorpions
  Dowan (D:6)
  3 wights (D:8)
  A troll zombie (D:9)
  2 howler monkeys
  3 jellies
  A bullfrog zombie (D:7)
  3 centaur zombies
  Crazy Yiuf (D:5)
  A gnoll shaman (D:10)
  19 orc priests
  3 hounds
  A bullfrog skeleton (D:6)
  15 orc wizards
  An iguana (D:5)
  2 killer bee zombies
  6 ogre zombies (D:9)
  A hound skeleton (D:2)
  A hound zombie (D:5)
  3 howler monkey zombies
  7 gnolls
  2 howler monkey skeletons
  A river rat (D:6)
  7 adders
  A white imp (Abyss:2)
  2 ufetubi (Abyss:2)
  A worm (D:6)
  3 dart slugs
  72 orcs
  16 ball pythons
  4 bats
  8 endoplasms
  13 giant cockroaches
  6 goblins
  6 hobgoblins
  7 jackals
  9 kobolds
  6 quokkas
  6 frilled lizards
  2 goblin skeletons (D:9)
  3 goblin zombies (D:9)
  2 hobgoblin zombies (D:9)
  2 orc skeletons (D:9)
  16 orc zombies (D:9)
  4 rats
710 creatures vanquished.

Vanquished Creatures (collateral kills)
  A hell hound (Volcano)
1 creature vanquished.

Vanquished Creatures (others)
  A thrashing horror (Lair:6)
  A komodo dragon (Lair:4)
  A centaur (D:11)
  An ogre (Orc:1)
  2 orcs (Orc:1)
  57 fungi
  63 plants
  2 starspawn tentacles (Abyss:2)
128 creatures vanquished.

Grand Total: 839 creatures vanquished

Notes
Turn   | Place    | Note
-------+----------+-------------------------------------------
     0 | D:1      | freelancePsychic the Vine Stalker Fighter began the quest
                  | for the Orb.
     0 | D:1      | Reached XP level 1. HP: 11/11 MP: 2/2
   307 | D:1      | You fall into a shaft and drop 1 floor!
   314 | D:2      | Reached XP level 2. HP: 9/16 MP: 1/3
   325 | D:2      | Reached skill level 3 in Fighting
   327 | D:2      | Reached XP level 3. HP: 2/20 MP: 2/4
   845 | D:2      | Gained mutation: Your natural rate of healing is unusually
                  | fast. [Vine Stalker growth]
   845 | D:2      | Reached XP level 4. HP: 20/24 MP: 5/5
  1339 | D:1      | Found a faded altar of an unknown god.
  1804 | D:3      | Reached XP level 5. HP: 24/28 MP: 6/6
  1873 | D:3      | Noticed Sigmund
  1895 | D:3      | Killed Sigmund
  1896 | D:3      | Reached XP level 6. HP: 25/33 MP: 7/7
  1995 | D:3      | Reached skill level 4 in Fighting
  2001 | D:3      | Found a sacrificial altar of Ru.
  2006 | D:3      | Became a worshipper of Ru the Awakened
  2519 | D:3      | Found a shimmering blue altar of Sif Muna.
  2698 | D:3      | Reached skill level 5 in Short Blades
  2698 | D:3      | Reached XP level 7. HP: 34/38 MP: 8/8
  2717 | D:4      | Found a burning altar of Makhleb.
  3011 | D:4      | Gained mutation: You cannot study or cast Poison magic. [Ru
                  | sacrifice]
  3011 | D:4      | Gained mutation: You cannot study or cast Transmutations
                  | magic. [Ru sacrifice]
  3011 | D:4      | Gained mutation: You cannot study or cast Translocations
                  | magic. [Ru sacrifice]
  3011 | D:4      | Reached * piety under Ru
  3421 | D:5      | Entered Level 5 of the Dungeon
  3585 | D:5      | Noticed Pikel
  3729 | D:4      | Killed Pikel
  3730 | D:4      | Reached skill level 5 in Fighting
  3730 | D:4      | Gained mutation: You have razor-sharp teeth. [Vine Stalker
                  | growth]
  3730 | D:4      | Reached XP level 8. HP: 44/44 MP: 9/9
  3938 | D:5      | Found Welaun's Weapon Boutique.
  3998 | D:5      | Found a runed translucent door.
  3999 | D:5      | Noticed Crazy Yiuf
  4009 | D:5      | Killed Crazy Yiuf
  4180 | D:5      | Reached XP level 9. HP: 48/48 MP: 10/10
  4307 | D:5      | Reached skill level 6 in Fighting
  4350 | D:5      | Noticed Blork the orc
  4359 | D:5      | Killed Blork the orc
  4635 | D:6      | Found a glowing drain.
  4639 | Sewer    | Entered a sewer
  4703 | Sewer    | Noticed Pargi
  4709 | Sewer    | Killed Pargi
  4787 | Sewer    | Identified 2 scrolls of acquirement
  4787 | Sewer    | Acquired a manual of Short Blades
  4789 | Sewer    | Acquired a +1 pair of boots of stealth
  4946 | D:6      | Found a snail-covered altar of Cheibriados.
  5000 | D:6      | Noticed Duvessa
  5014 | D:6      | Killed Duvessa
  5021 | D:6      | Noticed Dowan
  5026 | D:6      | Killed Dowan
  5097 | D:6      | Noticed Edmund
  5102 | D:6      | Killed Edmund
  5160 | D:6      | Noticed Menkaure
  5166 | D:6      | Killed Menkaure
  5399 | D:6      | Found a staircase to the Ecumenical Temple.
  5631 | D:7      | Found Bety's Distillery.
  5656 | D:7      | Gained mutation: You are slightly weak-willed. (Will-) [Ru
                  | sacrifice]
  5656 | D:7      | Reached ** piety under Ru
  5687 | D:7      | Found an opulent altar of Gozag.
  5920 | D:7      | Found Eciqeczi's Jewellery Emporium.
  5938 | D:7      | Reached skill level 7 in Fighting
  5938 | D:7      | Reached skill level 10 in Short Blades
  5938 | D:7      | Reached skill level 5 in Armour
  5991 | D:6      | Reached XP level 10. HP: 44/55 MP: 6/11
  6147 | D:7      | Reached skill level 1 in Stealth
  6174 | D:7      | Identified the +0 robe of Makhleb's Castigation {*Corrode
                  | rElec rN++}
  6408 | D:7      | Found Etzucezi's Book Shoppe.
  6839 | D:8      | Found a broken altar of Ashenzari.
  6844 | D:8      | Saw a vision of the Swamp and the Snake Pit.
  6844 | D:8      | Noticed a black mamba
  6844 | D:8      | Noticed a naga mage
  6844 | D:8      | Noticed a naga ritualist
  6844 | D:8      | Noticed an alligator
  6844 | D:8      | Noticed a will-o-the-wisp
  6846 | D:8      | Noticed a naga warrior
  6846 | D:8      | Noticed a naga ritualist
  6846 | D:8      | Noticed a naga mage
  6939 | D:8      | Got the Almanac of Clay and Heat
  7013 | D:8      | Found a staircase to the Lair.
  7401 | D:9      | Found a blossoming altar of Fedhas.
  7794 | D:9      | Found a staircase to the Orcish Mines.
  7815 | D:9      | Reached skill level 8 in Fighting
  7827 | D:9      | Gained mutation: You are sensitive to extremes of
                  | temperature. (rF-, rC-) [Ru sacrifice]
  7827 | D:9      | Reached *** piety under Ru
  7827 | D:9      | Reached **** piety under Ru
  7827 | D:9      | Reached ***** piety under Ru
  8704 | Orc:1    | Entered Level 1 of the Orcish Mines
  8910 | D:5      | Bought the +2 dagger of Havoc {speed, rF+ Will+ Int+4} for
                  | 572 gold pieces
  9041 | D:10     | Entered Level 10 of the Dungeon
  9178 | D:10     | Reached skill level 9 in Fighting
  9293 | D:10     | Noticed a two-headed ogre
  9296 | D:10     | Reached XP level 11. HP: 53/57 MP: 8/12
  9300 | D:10     | Killed a two-headed ogre
  9459 | D:10     | Noticed a two-headed ogre
  9522 | D:10     | Killed a two-headed ogre
  9523 | D:10     | Reached skill level 1 in Evocations
  9810 | D:10     | Found a glowing silver altar of Zin.
  9810 | D:10     | Found an iron altar of Okawaru.
  9816 | D:10     | Found a shadowy altar of Dithmenos.
  9818 | D:10     | Found a glowing golden altar of the Shining One.
  9820 | D:10     | Found a bloodstained altar of Trog.
  9894 | D:10     | Found a shimmering altar of Xom.
  9934 | D:10     | Noticed a two-headed ogre
  9942 | D:10     | Noticed a deep elf pyromancer
  9961 | D:10     | Killed a two-headed ogre
  9969 | D:10     | Killed a deep elf pyromancer
 10201 | Lair:1   | Entered Level 1 of the Lair of Beasts
 10220 | Lair:1   | Reached skill level 10 in Fighting
 10227 | Lair:1   | Noticed a seven-headed hydra
 10240 | Lair:1   | Gained mutation: Your casting is slightly disrupted. [Ru
                  | sacrifice]
 10307 | Lair:1   | Killed a seven-headed hydra
 10326 | Lair:1   | Noticed Erica
 10329 | Lair:1   | Noticed an eight-headed hydra
 10385 | Lair:1   | Killed an eight-headed hydra
 10389 | Lair:1   | Killed Erica
 10397 | Lair:1   | Noticed a four-headed hydra
 10413 | Lair:1   | Killed a four-headed hydra
 10483 | Lair:1   | Reached XP level 12. HP: 69/69 MP: 13/13
 11004 | Lair:2   | Reached skill level 5 in Evocations
 11176 | Lair:2   | Reached skill level 11 in Fighting
 11296 | Lair:2   | Noticed Urug
 11299 | Lair:2   | Killed Urug
 12077 | Lair:3   | Found a staircase to the Snake Pit.
 12127 | Lair:3   | Noticed a five-headed hydra
 12136 | Lair:3   | Killed a five-headed hydra
 12141 | Lair:3   | Reached skill level 10 in Armour
 12313 | Lair:3   | Reached skill level 12 in Fighting
 13183 | Lair:4   | Reached XP level 13. HP: 76/76 MP: 14/14
 13386 | Lair:4   | Found a staircase to the Swamp.
 13467 | Lair:4   | Found a dark tunnel.
 13476 | Volcano  | Entered a volcano
 13502 | Volcano  | Noticed a fire dragon
 13518 | Volcano  | Killed a fire dragon
 13646 | Volcano  | Reached skill level 13 in Fighting
 14382 | Lair:4   | Reached skill level 1 in Dodging
 15082 | Lair:5   | Reached skill level 14 in Fighting
 15141 | Lair:5   | Reached XP level 14. HP: 72/83 MP: 15/15
 15279 | Lair:5   | Found a staircase to the Slime Pits.
 16266 | Lair:6   | Entered Level 6 of the Lair of Beasts
 16278 | Lair:6   | Reached skill level 5 in Dodging
 16795 | Lair:6   | Reached skill level 15 in Fighting
 17415 | Lair:6   | Found a corrupted altar of Lugonu.
 17415 | Lair:6   | Found a one-way gate to the infinite horrors of the Abyss.
 17420 | Lair:6   | Identified the +7 mace of Uxzoquse {vorpal, rPois}
 17422 | Lair:6   | Identified the +3 hand axe of Guilt {flame, rElec Str+3
                  | Dex-3}
 18663 | D:11     | Gained mutation: You sometimes lose the ability to read
                  | scrolls when taking damage. [Ru sacrifice]
 18663 | D:11     | Reached ****** piety under Ru
 18705 | D:11     | Reached XP level 15. HP: 89/90 MP: 16/16
 19380 | D:12     | Found Giokheg's General Store.
 19383 | D:12     | Bought a scroll of enchant armour for 75 gold pieces
 19383 | D:12     | Bought a scroll of magic mapping for 35 gold pieces
 19973 | D:13     | Noticed Kirke
 19980 | D:13     | Killed Kirke
 19981 | D:13     | Reached skill level 16 in Fighting
 21248 | Orc:2    | Entered Level 2 of the Orcish Mines
 21320 | Orc:2    | Noticed Snorg
 21343 | Orc:2    | Killed Snorg
 22536 | Orc:2    | Found a staircase to the Elven Halls.
 22717 | Orc:2    | Found Cekul's Weapon Shoppe.
 22717 | Orc:2    | Found Kitif's Antique Weapon Shop.
 23044 | Orc:2    | Found Zufar's Weapon Shoppe.
 23044 | Orc:2    | Found Ikluteu Asse's Book Shop.
 23731 | D:13     | Cast into level 2 of the Abyss (a wizard)
 23759 | Abyss:2  | Noticed a tentacled starspawn
 23975 | Abyss:2  | Noticed a lich
 24002 | Abyss:2  | Killed a lich
 24003 | Abyss:2  | Reached skill level 10 in Dodging
 24198 | Abyss:2  | Noticed a bone dragon
 24228 | Abyss:2  | Noticed a cacodemon
 24229 | Abyss:2  | Killed a bone dragon
 24230 | Abyss:2  | Reached skill level 17 in Fighting
 24248 | Abyss:2  | Gained mutation: Armour fits poorly on your strangely
                  | shaped body. [a neqoxec]
 24250 | Abyss:2  | Gained mutation: You have a pair of small horns on your
                  | head. [a neqoxec]
 24251 | Abyss:2  | Killed a cacodemon
 24252 | Abyss:2  | Reached XP level 16. HP: 60/93 MP: 17/17
 24275 | Abyss:2  | HP: 2/94 [large abomination (10)]
 24337 | Abyss:2  | Paralysed by accursed screaming for 1 turns
 24349 | Abyss:2  | HP: 4/83 [thrashing horror (1)]
 24354 | Abyss:2  | HP: 3/84 [spatial maelstrom (2)]
 24358 | Abyss:2  | Noticed an Executioner
 24359 | Abyss:2  | Mangled by a large abomination

Illustrated notes

Levels and vault maps discovered:
D:1:      dpeg_arrival_prison, layout_rooms, chequers_ecumenical_altar_twisty,
          minmay_misc_feat_more_columns
D:2:      minmay_roachtagon, layout_rooms
D:3:      layout_loops_corners, hangedman_ru_absence,
          nicolae_sif_muna_little_library, serial_bayou_lake_a, uniq_sigmund
D:4:      layout_rooms, mainiacjoe_overflow_concentric_impassable,
          saegor_snake_ambush
D:5:      layout_loops_cross, serial_shops, nicolae_shop_crystal,
          uniq_crazy_yiuf_cottage, uniq_blork_the_orc, uniq_pikel
D:6:      layout_loops_ring, kennysheep_slug_shrine, minmay_temple_entry_arrows,
          gup_sewer_entry_spiral, uniq_edmund, uniq_duvessa, uniq_menkaure
D:7:      layout_gridville, grunt_gozag_breadcrumbs, serial_shops, shop,
          nicolae_diamond_shop, nicolae_stop_n_shop_1, lemuel_old_faithful
D:8:      layout_basic, grunt_ashenzari_visionary
          [grunt_ashenzari_visionary_swamp, grunt_ashenzari_visionary_snake],
          lair_entry_dummy, grunt_decor_fettered
D:9:      layout_stronghold, fedhas_ov_isle_minmay, zombieorc2_lemuel
D:10:     layout_irregular_city, xom_confusion_cloud,
          chequers_temple_overflow_minitemple
D:11:     layout_loops_cross
D:12:     layout_gridville, serial_shops, kennysheep_mini_moat
D:13:     layout_cave_pods, uniq_kirke
D:14:     layout_small_grid, lightli_vaults_fourway_checkpoint, minivault_19,
          chequers_jeans
Lair:1:   layout_misc_corridors, grunt_forest_small_clearing_treed, uniq_erica
Lair:2:   layout_roguey, uniq_urug
Lair:3:   layout_layer_cave, guppyfry_snake_entry_island, beast_lair_carwin_6
Lair:4:   kb_forest_paths, layout_regular_city, minmay_swamp_entry_swarm,
          enter_volcano_1
Lair:5:   layout_cave_pods, slime_dummy, chequers_serial_rivers_room_a,
          serial_bayou_shore_a, lemuel_fruit_tree
Lair:6:   hellmonk_lair_end_abyssal_woods, layout_regular_city
Orc:1:    layout_caves
Orc:2:    st_orc_town, layout_caves, basic_altar, guppyfry_orc_lava_fort,
          uniq_snorg
Abyss:2:  base: Lair:3, minivault_5, bh_abyss_xom_lugonu_altar,
          small_statue_intersection

Skill      XL: |  1  2  3  4  5  6  7  8  9 10 11 12 13 14 15 16 |
---------------+-------------------------------------------------+-----
Short Blades   | 2 3 4 5 7 10 | 10.0
Fighting       | 3 4 5 7 9 10 12 14 15 17 | 17.1
Shields        | 3 4 |  4.0
Armour         | 3 5 7 8 10 11 12 | 12.0
Stealth        | 3 |  3.0
Evocations     | 4 5 |  5.0
Dodging        | 4 7 10 | 10.3

Action                   |  1- 3 |  4- 6 |  7- 9 | 10-12 | 13-15 | 16-18 || total
-------------------------+-------+-------+-------+-------+-------+-------++-------
Melee: Rapier            |    72 |   113 |   284 |   313 |       |       ||   782
       Bite              |    14 |    30 |   109 |   445 |  1400 |    31 ||  2029
       Dagger            |       |       |       |   523 |  2381 |    64 ||  2968
       Headbutt          |       |       |       |       |       |    22 ||    22
Invok: Sacrifice Arcana  |       |       |     1 |       |       |       ||     1
       Sacrifice Essence |       |       |     1 |     1 |       |       ||     2
       Apocalypse        |       |       |       |     7 |    10 |     1 ||    18
       Sacrifice Resista |       |       |       |     1 |       |       ||     1
       Reject Sacrifices |       |       |       |     1 |       |       ||     1
       Draw Out Power    |       |       |       |       |     2 |     1 ||     3
       Sacrifice Words   |       |       |       |       |     1 |       ||     1
Evoke: Wand              |       |     1 |     6 |     5 |     7 |       ||    19
  Use: Potion            |     1 |       |       |     1 |       |     3 ||     5
       Scroll            |       |     5 |     9 |     3 |     4 |       ||    21
 Stab: Invisible         |       |       |     1 |     5 |    14 |       ||    20
       Distracted        |       |       |       |     4 |     6 |       ||    10
       Paralysed         |       |       |       |     8 |    12 |       ||    20
Armor: Scale mail        |    42 |    39 |    24 |       |     8 |       ||   113
       Chain mail        |       |       |    46 |       |   399 |    13 ||   458
       Plate armour      |       |       |    17 |   276 |    27 |       ||   320
Dodge: Dodged            |    38 |    50 |    76 |   126 |   538 |    33 ||   861
Block: Buckler           |    18 |    26 |    46 |    80 |   224 |    10 ||   404

Table legend: (Time is in decaauts)
 A = Elapsed time spent in this place.
 B = Non-inter-level travel time spent in this place.
 C = Inter-level travel time spent in this place.
 D = Time resting spent in this place.
 E = Time spent auto-exploring this place.
 F = Levels seen in this place.
 G = Mean time per level.
                   A        B        C        D        E       F      G
               +--------+--------+--------+--------+--------+-----+--------+
         Total |  22455 |  20667 |   1788 |    708 |  15458 |  25 |  898.2 |
       Dungeon |  12942 |  11645 |   1297 |    446 |   9136 |  14 |  924.4 |
          Lair |   6388 |   6082 |    306 |      3 |   4754 |   6 | 1064.7 |
  Orcish Mines |   2145 |   1961 |    184 |    223 |   1051 |   2 | 1072.5 |
         Abyss |    457 |    457 |      0 |      5 |    176 |   1 |  457.0 |
         Sewer |    191 |    191 |      0 |      0 |    138 |   1 |  191.0 |
       Volcano |    329 |    329 |      0 |     31 |    203 |   1 |  329.0 |
               +--------+--------+--------+--------+--------+-----+--------+

Top non-repeatable levels by time:
     D:9: 1817 daAuts
  Lair:6: 1321 daAuts
   Orc:2: 1277 daAuts
  Lair:4: 1210 daAuts
  Lair:3: 1165 daAuts
  Lair:5: 1121 daAuts
    D:10: 1112 daAuts
     D:6: 1092 daAuts
     D:3: 1078 daAuts
     D:5: 1032 daAuts
    D:13: 1026 daAuts
  Lair:2: 993 daAuts
     D:2: 869 daAuts
   Orc:1: 867 daAuts
     D:7: 850 daAuts
